 Dungeon Crawl Stone Soup version 0.17.0-57-g0e89251 (webtiles) character file.

118184 JokEr the Warrior (level 16, 88/119 HPs)
             Began as a Gargoyle Berserker on Dec 7, 2015.
             Was the Champion of Trog.
             Starved to death
             ... while paralysed
             ... on level 4 of the Spider Nest on Dec 8, 2015.
             The game lasted 01:59:22 (28777 turns).

JokEr the Warrior (Gargoyle Berserker)             Turns: 28777, Time: 01:59:22

Health: 88/119     AC: 44    Str: 33 (35) XL:     16   Next: 76%
Magic:  16/16      EV:  2    Int:  9      God:    Trog [******]
Gold:   1345       SH:  0    Dex: 13      Spells: 0 memorised, 15 levels left

rFire  . . .     SeeInvis .     W - +6 great mace "Caeh" {freeze, MR+ Str+2 Int-2 Dex+4 Stlth+}
rCold  + . .     Clarity  .     p - +7 plate armour of Docehies {rC+ MR+ Str+2}
rNeg   + . .     SustAt   .     (shield currently unavailable)
rPois  ∞         Gourm    .     r - +0 helmet
rElec  +         Spirit   .     (no cloak)
rCorr  .         Warding  .     H - +2 pair of gloves
rMut   .         Stasis   .     n - +0 pair of boots
MR     +++..                    w - amulet of regeneration
Stlth  ..........               d - +6 ring of strength
                                N - +5 ring of protection

@: paralysed, fainting, extremely resistant to hostile enchantments, extremely
unstealthy
A: big wings, negative energy resistance 1, electricity resistance, unbreathing,
petrification resistance, rot immunity, AC +11
a: Fly, Berserk, Trog's Hand, Brothers in Arms, Burn Spellbooks, Renounce
Religion


You were on level 4 of the Spider Nest.
You worshipped Trog.
Trog was exalted by your worship.
You were fainting.

You visited 4 branches of the dungeon, and saw 26 of its levels.

You collected 2308 gold pieces.
You spent 963 gold pieces at shops.

Inventory:

Hand Weapons
 W - the +6 great mace "Caeh" (weapon) {freeze, MR+ Str+2 Int-2 Dex+4 Stlth+}
   (Trog gifted it to you on level 3 of the Lair of Beasts)

   It has been specially enchanted to freeze those struck by it, causing extra
   injury to most foes and up to half again as much damage against particularly
   susceptible opponents.
   It can also slow down cold-blooded creatures.
   It affects your strength (+2).
   It affects your intelligence (-2).
   It affects your dexterity (+4).
   It affects your resistance to hostile enchantments.
   It makes you more stealthy.
 X - a +4 great mace of crushing
Armour
 n - a +0 pair of boots (worn)
 p - the +7 plate armour of Docehies (worn) {rC+ MR+ Str+2}
   (You bought it in a shop on level 4 of the Orcish Mines)

   It affects your strength (+2).
   It protects you from cold.
   It affects your resistance to hostile enchantments.
 r - a +0 helmet (worn)
 C - a +2 shadow dragon armour
 H - a +2 pair of gloves (worn)
 M - a +2 shield
Jewellery
 d - a +6 ring of strength (right hand)
 g - a cursed -5 ring of evasion
 w - an amulet of regeneration (around neck)
 E - a +4 ring of slaying
 F - an uncursed ring of protection from fire
 N - a +5 ring of protection (left hand)
Wands
 a - a wand of invisibility (4)
 b - a wand of frost (35)
 i - a wand of paralysis (12)
 k - a wand of confusion (13)
 o - a wand of polymorph (10)
 t - a wand of cold (8)
 v - a wand of heal wounds (0)
 y - a wand of frost (10)
 z - a wand of digging (18)
 K - a wand of enslavement (12)
 L - a wand of random effects (32)
 O - a wand of disintegration (19)
 P - a wand of draining (5)
 Q - a wand of fire (3)
Scrolls
 c - a scroll of enchant armour
 h - 9 scrolls of remove curse
 B - a scroll of fog
 D - 3 scrolls of magic mapping
 J - 4 scrolls of identify
 U - 3 scrolls of teleportation
Potions
 e - a potion of lignification
 f - 4 potions of poison
 j - a potion of magic {unknown}
 l - 2 potions of invisibility
 m - 6 potions of brilliance
 q - a potion of flight {unknown}
 s - 3 potions of cancellation
 u - 4 potions of mutation
 x - 4 potions of agility
 A - a potion of ambrosia {unknown}
 G - a potion of haste
 I - 3 potions of degeneration {unknown}
 R - a potion of resistance {unknown}
 Y - 2 potions of might {unknown}


   Skills:
 + Level 20.2 Fighting
 + Level 18.9 Maces & Flails
 - Level 10.5 Armour
 - Level 1.5 Dodging


You had 15 spell levels left.
You didn't know any spells.

Dungeon Overview and Level Annotations

Branches:
Dungeon (10/15)            Temple (0/1) D:6            Lair (8/8) D:9
  Swamp (0/4) Lair:4       Spider (4/4) Lair:3        Slime (0/6) Lair:6
    Orc (4/4) D:10            Elf (0/3) Orc:4

Altars:
Ashenzari
Cheibriados
Fedhas
Gozag
Nemelex Xobeh
Okawaru
Qazlal
Sif Muna
Trog
Vehumet
Xom
Yredelemnul
Zin
Beogh

Shops:
D:9 }   Orc:4 [:[?


Innate Abilities, Weirdness & Mutations

You are resistant to torment.
Your stone body is resilient (AC +11).
You are immune to poison.
Your large and strong wings let you fly indefinitely.
You resist negative energy.
You are resistant to electric shocks.
You can survive without breathing.
You are immune to petrification.
You are immune to rotting.


Message History

You kill the tarantella!
Trog accepts your kill.
You feel your intelligence returning.
You are caught in the web!
There is a web here.
You disentangle yourself.
You are fainting from starvation!
You lose consciousness!
You can move again.
You lose consciousness!
You can move again.
You're too hungry to rest.
You're too hungry to rest.
You're too hungry to rest.
You see here a lantern of shadows.
There is a huge open gate here.
There is a huge open gate here.
You lose consciousness!
You have starved to death.
You die...

##..^≈≈# +.^ ... #. #....≈####
### #####. ###...≈≈≈..#
############.
##≈..≈###...###.≈.##.≈..###
#≈..≈## ##.##........^..^≈#
#....### ###.......^.≈#≈.≈#
##.....#####..≈##....≈##≈.. #
##≈.≈...##....##≈..≈####≈. #####
###...y.@.≈##≈...≈## #.. ....###
###.....####...## ##. ......####
###.### #'''# ## .........## ###
####'''#### # .........^#
####..}......####
..........######=..............##
......^.).......=..........[.....
.....#...........................
..#..........^#..................


You could see a wasp.

Vanquished Creatures
  Aizul (Spider:3)
  3 ghost moths
  An emperor scorpion (Spider:4)
  An ettin (Orc:4)
  The ghost of Nicoed the Protected, a journeyman FoSk of the Shining One (Lair:2)
  An entropy weaver (Spider:4)
  10 hydras
  The ghost of WhatsThis the Nimble, a journeyman HESk of Sif Muna (Lair:3)
  A catoblepas (Lair:8)
  19 death yaks
  A deep troll shaman (Lair:8)
  3 orc high priests (Orc:4)
  11 orb spiders
  6 orc knights
  3 griffons
  8 hornets
  21 wolf spiders
  An ugly thing (D:10)
  4 orc sorcerers (Orc:4)
  A cyclops (Orc:2)
  A moth of wrath (Spider:4)
  2 elephants (Lair:8)
  6 black mambas
  2 torpor snails
  Psyche (D:10)
  16 spiny frogs
  13 komodo dragons
  10 demonic crawlers
  A fire drake (Lair:6)
  5 trolls
  3 polar bears
  Prince Ribbit (D:5)
  22 jumping spiders
  12 blink frogs
  2 boulder beetles
  21 trapdoor spiders
  A wraith (D:8)
  43 redbacks
  22 tarantellas
  A spriggan (D:7)
  33 yaks
  A basilisk (Lair:2)
  A wyvern (D:9)
  2 steam dragons (Lair:7)
  4 wargs
  A hungry ghost (D:7)
  29 wolves
  6 swamp worms (Lair:4)
  7 porcupines
  Duvessa (D:5)
  13 hippogriffs
  8 ice beasts
  20 spiders
  27 orc warriors
  9 water moccasins
  2 sky beasts
  5 wasps
  3 black bears (Lair:8)
  5 phantoms
  4 centaurs
  An eye of draining (D:9)
  4 necrophages
  8 ogres
  12 crocodiles
  Blork the orc (D:5)
  2 elf zombies (D:8)
  16 giant frogs
  11 big kobolds (D:8)
  Dowan (D:5)
  2 scorpions
  8 wights
  4 crimson imps
  2 jellies
  2 electric eels
  3 human zombies (D:8)
  A quasit (D:6)
  26 orc priests
  26 orc wizards
  A giant frog skeleton (D:9)
  A centaur skeleton (D:7)
  3 hounds
  7 iguanas
  6 worker ants
  21 sheep
  2 hound skeletons
  2 hound zombies
  A mummy (D:8)
  Robin (D:3)
  11 adders
  6 gnolls
  A hound simulacrum (D:9)
  66 river rats
  5 shadow imps
  5 adder skeletons
  A worm (D:2)
  4 giant geckos
  144 orcs
  6 bats
  5 giant cockroaches
  16 hobgoblins
  7 jackals
  18 kobolds
  6 quokkas
  3 ball pythons
  3 giant newts
  14 goblins
  A jackal zombie (D:7)
  A quokka zombie (D:6)
  6 rats
  2 fungi (Lair:2)
  A plant (Lair:8)
971 creatures vanquished.

Vanquished Creatures (others)
  An unseen horror (D:10)
  A jumping spider (Spider:3)
  A centaur (D:10)
  2 ogres (D:10)
  A jelly (D:10)
  An orc (Orc:2)
  A giant gecko skeleton (D:5)
  A bush (Lair:8)
  2 fungi (Lair:8)
  A plant (Lair:7)
12 creatures vanquished.

Grand Total: 983 creatures vanquished

Notes
Turn   | Place    | Note
--------------------------------------------------------------
     0 | D:1      | JokEr the Gargoyle Berserker began the quest for the Orb.
     0 | D:1      | Reached XP level 1. HP: 14/14 MP: 1/1
   234 | D:1      | Reached XP level 2. HP: 14/19 MP: 2/2
   769 | D:1      | Reached ** piety under Trog
   829 | D:1      | Reached XP level 3. HP: 22/24 MP: 3/3
  1074 | D:1      | Reached skill level 4 in Fighting
  1302 | D:1      | Found a radiant altar of Vehumet.
  1485 | D:2      | Reached XP level 4. HP: 29/29 MP: 4/4
  1815 | D:2      | Found a blossoming altar of Fedhas.
  2062 | D:2      | Found a deep blue altar of Sif Muna.
  2343 | D:3      | Reached XP level 5. HP: 34/34 MP: 5/5
  2402 | D:3      | Found a basalt altar of Yredelemnul.
  2450 | D:3      | Reached *** piety under Trog
  2710 | D:3      | Noticed Robin
  2730 | D:3      | Killed Robin
  2730 | D:3      | Reached skill level 5 in Fighting
  3193 | D:4      | Reached skill level 5 in Maces & Flails
  3301 | D:4      | Noticed a phantom
  3318 | D:4      | Reached XP level 6. HP: 40/40 MP: 6/6
  3342 | D:4      | Killed a phantom
  3467 | D:4      | Reached skill level 6 in Fighting
  3794 | D:4      | Found a shimmering altar of Xom.
  3816 | D:5      | Entered Level 5 of the Dungeon
  3842 | D:5      | Reached XP level 7. HP: 39/47 MP: 7/7
  3899 | D:5      | Noticed Prince Ribbit
  3917 | D:5      | Killed Prince Ribbit
  4173 | D:5      | Reached skill level 7 in Fighting
  4346 | D:5      | Reached **** piety under Trog
  4355 | D:5      | Reached XP level 8. HP: 23/53 MP: 8/8
  4571 | D:5      | Noticed Blork the orc
  4586 | D:5      | Killed Blork the orc
  4637 | D:5      | Reached skill level 8 in Fighting
  4659 | D:5      | Found a stormy altar of Qazlal.
  4729 | D:5      | Noticed Duvessa
  4729 | D:5      | Noticed Dowan
  4745 | D:5      | Killed Duvessa
  4754 | D:5      | Killed Dowan
  5721 | D:6      | Reached skill level 9 in Fighting
  6153 | D:6      | Found a staircase to the Ecumenical Temple.
  6456 | D:6      | Reached XP level 9. HP: 60/60 MP: 9/9
  6702 | D:7      | Found a glowing silver altar of Zin.
  6702 | D:7      | Found a shattered altar of Ashenzari.
  6702 | D:7      | Found a snail-covered altar of Cheibriados.
  6728 | D:7      | Found a sparkling altar of Nemelex Xobeh.
  7175 | D:7      | Reached skill level 10 in Fighting
  7688 | D:7      | Found an opulent altar of Gozag.
  7840 | D:8      | Found an iron altar of Okawaru.
  7840 | D:8      | Found a bloodstained altar of Trog.
  8280 | D:8      | Reached skill level 10 in Maces & Flails
  8388 | D:8      | Reached skill level 11 in Fighting
  8388 | D:8      | Reached XP level 10. HP: 32/69 MP: 10/10
  8903 | D:8      | Found a basalt altar of Yredelemnul.
  9424 | D:8      | Reached skill level 12 in Fighting
  9476 | D:8      | Reached ***** piety under Trog
 10130 | D:9      | Reached XP level 11. HP: 69/76 MP: 11/11
 10579 | D:9      | Reached skill level 13 in Fighting
 10688 | D:9      | Found a staircase to the Lair.
 10699 | D:9      | Found a radiant altar of Vehumet.
 10901 | D:9      | Found Ezyqeoc's Gadget Shoppe.
 11181 | D:10     | Entered Level 10 of the Dungeon
 11190 | D:10     | Killed an unseen horror
 11318 | D:10     | Noticed Psyche
 11332 | D:10     | Killed Psyche
 11558 | D:10     | Found a staircase to the Orcish Mines.
 11604 | D:10     | Received a gift from Trog
 11856 | D:10     | Found a roughly hewn altar of Beogh.
 12110 | D:10     | Found a shimmering altar of Xom.
 12399 | Lair:1   | Entered Level 1 of the Lair of Beasts
 13511 | Lair:2   | Reached skill level 14 in Fighting
 13753 | Lair:1   | Reached XP level 12. HP: 65/85 MP: 12/12
 14177 | Lair:2   | Noticed Nicoed's ghost (journeyman FoSk)
 14294 | Lair:2   | Noticed a six-headed hydra
 14554 | Lair:2   | Killed a six-headed hydra
 14572 | Lair:2   | Killed Nicoed's ghost
 14930 | Lair:2   | Reached skill level 15 in Fighting
 15537 | Lair:3   | Received a gift from Trog
 15681 | Lair:3   | Found a hole to the Spider Nest.
 15717 | Lair:3   | Noticed WhatsThis's ghost (journeyman HESk)
 15774 | Lair:3   | Killed WhatsThis's ghost
 16384 | Lair:3   | Noticed a four-headed hydra
 16385 | Lair:3   | Got a brightly glowing great mace {god gift}
 16399 | Lair:3   | Killed a four-headed hydra
 16399 | Lair:3   | Reached XP level 13. HP: 93/93 MP: 13/13
 16407 | Lair:3   | Reached skill level 15 in Maces & Flails
 16410 | Lair:3   | Reached skill level 16 in Fighting
 16547 | Lair:3   | Identified the +6 great mace "Caeh" {freeze, MR+ Str+2 Int-2 Dex+4 Stlth+} (Trog gifted it to you on level 3 of the Lair of Beasts)
 17115 | Lair:4   | Reached ****** piety under Trog
 17116 | Lair:4   | Received a gift from Trog
 17134 | Lair:4   | Found a staircase to the Swamp.
 17985 | Lair:6   | Reached skill level 17 in Fighting
 18117 | Lair:6   | Found a staircase to the Slime Pits.
 18368 | Lair:6   | Found a dark tunnel.
 18821 | Lair:7   | Gained mutation: Your large and strong wings let you fly indefinitely. [Gargoyle growth]
 18821 | Lair:7   | Reached XP level 14. HP: 29/102 MP: 14/14
 19098 | Lair:7   | Received a gift from Trog
 19484 | Lair:7   | Reached skill level 18 in Fighting
 19898 | Lair:8   | Entered Level 8 of the Lair of Beasts
 19993 | Lair:8   | Received a gift from Trog
 20118 | Lair:8   | Reached skill level 5 in Armour
 20955 | Lair:8   | Got a transparent lapis lazuli ring
 20966 | Lair:8   | Identified the ring "Cyloxat" {*Confuse rC+++ MP+9 Int+6} (You found it on level 8 of the Lair of Beasts)
 21015 | Lair:8   | Received a gift from Trog
 21206 | Lair:2   | Reached XP level 15. HP: 108/108 MP: 15/15
 21498 | Orc:1    | Entered Level 1 of the Orcish Mines
 22192 | Orc:2    | Found a roughly hewn altar of Beogh.
 22211 | Orc:2    | Reached skill level 10 in Armour
 22574 | Orc:3    | Received a gift from Trog
 23215 | Orc:4    | Entered Level 4 of the Orcish Mines
 23215 | Orc:4    | Found a staircase to the Elven Halls.
 23519 | Orc:4    | Found Neipiani's Magic Scroll Boutique.
 23547 | Orc:4    | Received a gift from Trog
 23746 | Orc:4    | Found Loohagg's Antique Armour Boutique.
 23747 | Orc:4    | Found Wiab's Armour Shoppe.
 23747 | Orc:4    | Found Ciennita's Book Shoppe.
 23765 | Orc:4    | Paralysed by an orc sorcerer for 6 turns
 23805 | Orc:4    | Bought a scroll of identify for 28 gold pieces
 23808 | Orc:4    | Bought a +0 pair of boots for 67 gold pieces
 23821 | Orc:4    | Bought a bloodstained plate armour for 868 gold pieces
 23831 | Orc:4    | Identified the +7 plate armour of Docehies {rC+ MR+ Str+2} (You bought it in a shop on level 4 of the Orcish Mines)
 24127 | Spider:1 | Entered Level 1 of the Spider Nest
 25733 | Spider:2 | Received a gift from Trog
 25951 | Spider:2 | Reached skill level 19 in Fighting
 26602 | Spider:3 | Reached XP level 16. HP: 114/116 MP: 16/16
 27166 | Spider:4 | Entered Level 4 of the Spider Nest
 27286 | Spider:3 | Received a gift from Trog
 27369 | Spider:4 | Noticed Aizul
 27389 | Spider:3 | Killed Aizul
 27432 | Spider:4 | Received a gift from Trog
 27960 | Spider:4 | Received a gift from Trog
 27966 | Spider:4 | Reached skill level 20 in Fighting
 28777 | Spider:4 | Starved to death

Action                   |  1- 3 |  4- 6 |  7- 9 | 10-12 | 13-15 | 16-18 || total
-------------------------+-------+-------+-------+-------+-------+-------++-------
Melee: Mace              |   115 |   182 |   463 |  1420 |    10 |       ||  2190
       Great mace        |       |       |       |       |  1124 |   332 ||  1456
Invok: Berserk           |     1 |     3 |     3 |    17 |     7 |       ||    31
       Burn Spellbooks   |       |       |     1 |     2 |     1 |       ||     4
Evoke: Wand              |       |       |     1 |     5 |     1 |     2 ||     9
  Use: Scroll            |     4 |     8 |    12 |    11 |     8 |     5 ||    48
       Potion            |       |       |     3 |     2 |     5 |     6 ||    16
 Stab: Sleeping          |     1 |     1 |     5 |     9 |    21 |       ||    37
       Invisible         |       |       |       |     4 |       |       ||     4
       Petrifying        |       |       |       |       |     2 |       ||     2
       Distracted        |       |       |       |       |     1 |       ||     1
  Eat: Bread ration      |     2 |       |     4 |     5 |     2 |       ||    13
       Meat ration       |       |     1 |     1 |     1 |     3 |       ||     6
       Fruit             |       |       |     2 |    16 |    20 |       ||    38
       Royal jelly       |       |       |       |     3 |       |       ||     3
       Pizza             |       |       |       |     1 |     2 |       ||     3
       Chunk             |       |       |       |     2 |     1 |     8 ||    11
       Beef jerky        |       |       |       |       |     1 |       ||     1
